General information
- name: BNet
- type: Ladder team game (AT/RT)
- host: Battle.net
- saver: iggy_the_fisk
map: RiceFields
- players: 6
- length: 36:10
- speed: Fast
- version: 1.27 W3XP
- replay type:

» download(352 KB)
Players
team 1 (loser)
Anna.k (
blue | 199 APM | 7166 actions | 36:04)
5 Demon Hunter
3 Mana Burn
2 Evasion
4 Priestess of the Moon
2 Trueshot Aura
2 Searing Arrows
» actions
| Assign group hotkey | 99 | |
| Basic commands | 117 | |
| Build / train | 74 | |
| Enter build submenu | 25 | |
| Enter hero's abilities submenu | 9 | |
| Remove unit from queue | 16 | |
| Right click | 2916 | |
| Select / deselect | 933 | |
| Select group hotkey | 2893 | |
| Use ability | 83 | |
7166 total
» units
| Wisp | 20 | |
| Huntress | 4 | |
| Dryad | 2 | |
| Druid of the Claw | -1 | |
| Chimaera | 5 | |
| Glaive Thrower | -3 | |
| Hippogryph | 1 | |
28 total
» upgrades
| Strength of the Wild | 2 | |
| Strength of the Moon | 1 | |
| Abolish Magic | 1 | |
| Druid of the Claw Training | 2 | |
| Mark of the Claw | 1 | |
| Corrosive Breath | 1 | |
8 total
» buildings
| Altar of Elders | 1 | |
| Moon Well | 8 | |
| Ancient of War | 2 | |
| Hunter's Hall | 1 | |
| Tree of Ages | 2 | |
| Tree of Life | 2 | |
| Ancient of Lore | 2 | |
| Ancient of Wonders | 1 | |
| Tree of Eternity | 3 | |
| Ancient of Wind | 1 | |
| Chimaera Roost | 2 | |
| Ancient Protector | 2 | |
27 total
» build order
00:08 Altar of Elders
00:17 Moon Well
01:41 Ancient of War
01:46 Hunter's Hall
02:17 Moon Well
02:54 Ancient of War
04:22 Tree of Ages
04:40 Moon Well
05:29 Moon Well
07:40 Tree of Life
08:19 Ancient of Lore
08:21 Ancient of Lore
08:43 Ancient of Wonders
09:15 Moon Well
10:44 Tree of Eternity
10:44 Tree of Eternity
12:05 Ancient of Wind
12:31 Moon Well
13:42 Chimaera Roost
15:07 Chimaera Roost
15:22 Moon Well
17:55 Moon Well
21:02 Ancient Protector
21:06 Ancient Protector
23:42 Tree of Life
» items
| Orb of Lightning | 1 | |
| Scroll of Town Portal | 1 | |
2 total
Gr3M (
yellow | 116 APM | 4199 actions | 36:09)
3 Blademaster
2 Wind Walk
1 Critical Strike
4 Shadow Hunter
2 Healing Wave
2 Hex
» actions
| Assign group hotkey | 234 | |
| Basic commands | 174 | |
| Build / train | 81 | |
| ESC pressed | 3 | |
| Enter build submenu | 23 | |
| Enter hero's abilities submenu | 7 | |
| Give item / drop item | 1 | |
| Remove unit from queue | 2 | |
| Right click | 1931 | |
| Select / deselect | 637 | |
| Select group hotkey | 929 | |
| Use ability | 174 | |
4199 total
» units
| Peon | 15 | |
| Grunt | 11 | |
| Raider | 12 | |
| Spirit Walker | 6 | |
| Kodo Beast | 2 | |
| Tauren | 5 | |
51 total
» upgrades
| Armor | 3 | |
| Berserker Strength | 1 | |
| Pillage | 1 | |
| Melee Weapons | 3 | |
| Ensnare | 1 | |
| Spirit Walker Training | 0 | |
| Reinforced Defenses | 1 | |
| War Drums Damage Increase | 1 | |
| Pulverize | 1 | |
12 total
» buildings
| Altar of Storms | 2 | |
| Orc Burrow | 7 | |
| Barracks | 1 | |
| Voodoo Lounge | 1 | |
| Stronghold | 1 | |
| War Mill | 1 | |
| Beastiary | 2 | |
| Spirit Lodge | 2 | |
| Fortress | 1 | |
| Tauren Totem | 1 | |
| Watch Tower | 6 | |
| Great Hall | 2 | |
27 total
» build order
00:06 Altar of Storms
00:18 Orc Burrow
00:33 Barracks
01:29 Orc Burrow
02:03 Voodoo Lounge
02:42 Orc Burrow
04:00 Stronghold
04:36 War Mill
05:11 Orc Burrow
06:55 Beastiary
07:02 Spirit Lodge
07:04 Spirit Lodge
09:51 Orc Burrow
10:30 Fortress
13:03 Orc Burrow
13:06 Orc Burrow
14:26 Tauren Totem
21:03 Watch Tower
21:04 Watch Tower
21:06 Watch Tower
21:06 Watch Tower
21:07 Watch Tower
21:08 Watch Tower
22:50 Beastiary
32:22 Great Hall
32:30 Great Hall
33:40 Altar of Storms
» items
| Healing Salve | 2 | |
| Scroll of Speed | 1 | |
| Lesser Clarity Potion | 1 | |
4 total
Svensvettisven (
purple | 132 APM | 4774 actions | 36:03)
5 Blademaster
3 Wind Walk
2 Critical Strike
3 Shadow Hunter
2 Healing Wave
1 Hex
» actions
| Assign group hotkey | 54 | |
| Basic commands | 130 | |
| Build / train | 79 | |
| ESC pressed | 3 | |
| Enter build submenu | 32 | |
| Enter hero's abilities submenu | 8 | |
| Give item / drop item | 2 | |
| Remove unit from queue | 1 | |
| Right click | 2304 | |
| Select / deselect | 440 | |
| Select group hotkey | 1590 | |
| Use ability | 131 | |
4774 total
» units
| Peon | 16 | |
| Troll Headhunter/Berserker | 12 | |
| Shaman | 9 | |
| Demolisher | 6 | |
43 total
» upgrades
| Ranged Weapons | 3 | |
| Shaman Training | 2 | |
| Armor | 1 | |
| Berserker Upgrade | 1 | |
| Burning Oil | 1 | |
8 total
» buildings
| Altar of Storms | 1 | |
| Orc Burrow | 6 | |
| Voodoo Lounge | 2 | |
| War Mill | 2 | |
| Barracks | 1 | |
| Stronghold | 2 | |
| Spirit Lodge | 2 | |
| Fortress | 1 | |
| Great Hall | 2 | |
| Watch Tower | 9 | |
28 total
» build order
00:06 Altar of Storms
00:11 Orc Burrow
00:35 Voodoo Lounge
01:22 War Mill
01:51 Barracks
02:24 Orc Burrow
03:51 Stronghold
03:51 Stronghold
04:57 Orc Burrow
06:41 Spirit Lodge
06:45 Spirit Lodge
06:49 Orc Burrow
08:01 Fortress
10:31 Orc Burrow
12:03 Orc Burrow
13:11 Great Hall
13:26 Watch Tower
15:27 Watch Tower
15:59 Watch Tower
17:52 Watch Tower
18:48 Watch Tower
20:43 Watch Tower
21:07 Watch Tower
30:05 War Mill
30:32 Great Hall
31:44 Watch Tower
32:41 Watch Tower
34:28 Voodoo Lounge
» items
| Healing Salve | 4 | |
| Lesser Clarity Potion | 2 | |
| Scroll of Speed | 2 | |
| Scroll of Town Portal | 3 | |
| Tiny Great Hall | 1 | |
| Potion of Healing | 1 | |
13 total
team 2 (winner)
iggy_the_fisk (
pink | 107 APM | 3878 actions | 36:10)
5 Mountain King
3 Storm Bolt
2 Bash
4 Paladin
2 Holy Light
2 Divine Shield
» actions
| Assign group hotkey | 492 | |
| Basic commands | 103 | |
| Build / train | 123 | |
| Enter build submenu | 103 | |
| Enter hero's abilities submenu | 9 | |
| Give item / drop item | 10 | |
| Right click | 1598 | |
| Select / deselect | 507 | |
| Select group hotkey | 685 | |
| Use ability | 248 | |
3878 total
» units
| Peasant | 20 | |
| Priest | 1 | |
| Dragonhawk Rider | 7 | |
28 total
» upgrades
| Masonry | 3 | |
| Lumber Harvesting | 2 | |
| Magic Sentry | 1 | |
| Backpack | 1 | |
| Priest Training | 1 | |
| Swords | 3 | |
| Armor | 3 | |
| Animal War Training | 1 | |
15 total
» buildings
| Altar of Kings | 1 | |
| Farm | 5 | |
| Lumber Mill | 1 | |
| Scout Tower | 106 | |
| Arcane Tower | 8 | |
| Guard Tower | 45 | |
| Keep | 1 | |
| Castle | 1 | |
| Arcane Sanctum | 1 | |
| Arcane Vault | 2 | |
| Town Hall | 2 | |
| Gryphon Aviary | 1 | |
| Blacksmith | 1 | |
| Barracks | 1 | |
176 total
» build order
00:04 Altar of Kings
00:18 Farm
00:34 Lumber Mill
00:51 Farm
01:19 Scout Tower
01:22 Scout Tower
01:29 Scout Tower
01:34 Scout Tower
01:47 Arcane Tower
02:04 Arcane Tower
02:33 Guard Tower
02:52 Scout Tower
03:19 Guard Tower
03:20 Scout Tower
03:58 Keep
03:59 Guard Tower
04:00 Scout Tower
04:12 Scout Tower
04:48 Guard Tower
05:01 Scout Tower
05:02 Guard Tower
05:05 Farm
06:12 Scout Tower
06:13 Scout Tower
06:30 Castle
06:34 Arcane Sanctum
06:38 Guard Tower
06:39 Guard Tower
06:42 Arcane Vault
06:48 Scout Tower
06:49 Scout Tower
07:05 Guard Tower
07:06 Scout Tower
07:53 Guard Tower
08:47 Scout Tower
08:48 Scout Tower
09:49 Arcane Tower
09:49 Guard Tower
09:58 Town Hall
10:02 Scout Tower
10:03 Scout Tower
10:03 Scout Tower
10:04 Scout Tower
10:04 Scout Tower
10:07 Scout Tower
10:08 Scout Tower
10:08 Scout Tower
10:09 Scout Tower
10:09 Scout Tower
10:10 Scout Tower
10:59 Scout Tower
11:46 Scout Tower
11:47 Scout Tower
11:47 Scout Tower
12:24 Guard Tower
12:45 Guard Tower
12:47 Scout Tower
12:50 Scout Tower
13:24 Arcane Tower
13:43 Guard Tower
13:46 Scout Tower
14:09 Scout Tower
14:11 Scout Tower
14:12 Scout Tower
14:12 Scout Tower
14:13 Scout Tower
14:15 Scout Tower
14:16 Scout Tower
14:17 Scout Tower
14:17 Scout Tower
14:23 Scout Tower
14:24 Scout Tower
14:26 Scout Tower
14:27 Scout Tower
14:46 Guard Tower
14:51 Scout Tower
15:02 Arcane Tower
15:03 Guard Tower
15:19 Guard Tower
15:23 Scout Tower
15:23 Scout Tower
15:30 Guard Tower
15:41 Scout Tower
15:42 Scout Tower
15:49 Guard Tower
15:50 Guard Tower
15:52 Scout Tower
15:54 Guard Tower
15:57 Guard Tower
16:00 Town Hall
16:47 Guard Tower
16:49 Scout Tower
16:50 Scout Tower
16:51 Scout Tower
16:51 Scout Tower
16:52 Scout Tower
16:52 Scout Tower
16:54 Scout Tower
16:55 Scout Tower
16:57 Scout Tower
16:58 Scout Tower
16:58 Scout Tower
16:59 Scout Tower
17:30 Guard Tower
17:32 Scout Tower
17:35 Scout Tower
17:36 Scout Tower
17:51 Arcane Tower
17:55 Guard Tower
17:56 Scout Tower
17:56 Scout Tower
18:03 Scout Tower
18:09 Scout Tower
18:27 Guard Tower
18:28 Scout Tower
18:29 Scout Tower
18:57 Gryphon Aviary
19:22 Guard Tower
19:35 Guard Tower
19:53 Scout Tower
19:54 Scout Tower
19:54 Scout Tower
20:42 Blacksmith
20:43 Barracks
20:53 Guard Tower
20:54 Scout Tower
20:55 Scout Tower
20:59 Guard Tower
21:02 Scout Tower
21:03 Scout Tower
21:47 Guard Tower
21:49 Scout Tower
21:49 Scout Tower
21:50 Scout Tower
21:50 Scout Tower
22:29 Guard Tower
22:31 Scout Tower
22:45 Guard Tower
22:49 Scout Tower
22:50 Scout Tower
23:03 Guard Tower
23:08 Scout Tower
23:09 Scout Tower
24:18 Guard Tower
24:19 Scout Tower
24:19 Scout Tower
24:23 Guard Tower
24:25 Scout Tower
24:25 Scout Tower
24:27 Guard Tower
24:28 Scout Tower
24:29 Scout Tower
24:55 Guard Tower
25:00 Arcane Vault
25:05 Arcane Tower
25:10 Guard Tower
25:23 Farm
25:31 Guard Tower
25:35 Scout Tower
25:42 Scout Tower
26:08 Guard Tower
26:12 Arcane Tower
26:17 Scout Tower
26:18 Scout Tower
26:19 Scout Tower
26:20 Scout Tower
27:28 Guard Tower
27:36 Guard Tower
28:46 Guard Tower
29:02 Farm
29:33 Scout Tower
29:35 Scout Tower
29:36 Scout Tower
30:02 Guard Tower
30:03 Scout Tower
30:29 Guard Tower
» items
| Lesser Clarity Potion | 4 | |
| Healing Salve | 3 | |
| Staff of Sanctuary | 2 | |
| Scroll of Town Portal | 3 | |
| Kelen's Dagger of Escape | 1 | |
| Orb of Frost | 1 | |
14 total
mata. (
green | 96 APM | 3462 actions | 36:10)
2 Archmage
1 Blizzard
1 Brilliance Aura
2 Blood Mage
1 Flame Strike
1 Siphon Mana
» actions
| Assign group hotkey | 59 | |
| Basic commands | 34 | |
| Build / train | 263 | |
| Enter build submenu | 185 | |
| Enter hero's abilities submenu | 4 | |
| Right click | 1495 | |
| Select / deselect | 1034 | |
| Select group hotkey | 109 | |
| Use ability | 278 | |
3462 total
» units
| Peasant | 36 | |
| Dragonhawk Rider | 2 | |
38 total
» upgrades
| Masonry | 3 | |
| Lumber Harvesting | 2 | |
| Magic Sentry | 1 | |
6 total
» buildings
| Altar of Kings | 3 | |
| Farm | 13 | |
| Lumber Mill | 4 | |
| Scout Tower | 166 | |
| Arcane Tower | 3 | |
| Guard Tower | 187 | |
| Arcane Vault | 1 | |
| Town Hall | 4 | |
| Keep | 2 | |
| Castle | 2 | |
| Arcane Sanctum | 1 | |
| Gryphon Aviary | 1 | |
387 total
» build order
00:04 Altar of Kings
00:19 Farm
00:33 Lumber Mill
01:12 Farm
01:25 Scout Tower
01:28 Scout Tower
01:58 Arcane Tower
01:58 Arcane Tower
02:02 Guard Tower
02:03 Guard Tower
02:15 Farm
03:16 Arcane Vault
04:25 Scout Tower
04:25 Scout Tower
04:34 Scout Tower
04:41 Scout Tower
04:42 Scout Tower
04:54 Guard Tower
04:55 Guard Tower
05:52 Town Hall
05:54 Scout Tower
05:55 Scout Tower
05:55 Scout Tower
06:07 Guard Tower
06:07 Guard Tower
06:08 Guard Tower
06:16 Keep
06:20 Scout Tower
06:21 Scout Tower
06:22 Scout Tower
06:22 Scout Tower
06:25 Guard Tower
06:25 Guard Tower
06:26 Scout Tower
06:27 Scout Tower
06:30 Scout Tower
06:37 Lumber Mill
07:00 Guard Tower
07:01 Guard Tower
07:02 Scout Tower
07:03 Scout Tower
07:03 Scout Tower
07:19 Guard Tower
07:21 Scout Tower
07:21 Scout Tower
07:22 Scout Tower
07:22 Scout Tower
07:23 Guard Tower
07:23 Guard Tower
07:23 Guard Tower
07:30 Guard Tower
07:30 Guard Tower
08:19 Guard Tower
08:19 Guard Tower
08:23 Guard Tower
08:24 Guard Tower
08:51 Guard Tower
08:51 Guard Tower
08:54 Guard Tower
08:55 Guard Tower
08:59 Guard Tower
08:59 Guard Tower
08:59 Guard Tower
09:48 Castle
09:59 Arcane Sanctum
10:45 Scout Tower
10:46 Scout Tower
11:14 Guard Tower
11:14 Guard Tower
11:21 Scout Tower
11:23 Scout Tower
11:24 Scout Tower
11:26 Scout Tower
11:41 Guard Tower
11:42 Guard Tower
12:14 Guard Tower
12:14 Guard Tower
12:14 Guard Tower
12:41 Scout Tower
12:43 Scout Tower
12:45 Scout Tower
12:48 Scout Tower
12:49 Scout Tower
12:50 Scout Tower
13:12 Guard Tower
13:19 Guard Tower
13:19 Guard Tower
13:19 Guard Tower
13:19 Guard Tower
13:21 Scout Tower
13:34 Scout Tower
13:34 Scout Tower
13:37 Guard Tower
13:37 Guard Tower
13:44 Scout Tower
13:45 Scout Tower
13:46 Scout Tower
13:51 Scout Tower
13:52 Scout Tower
13:54 Scout Tower
13:56 Scout Tower
14:04 Guard Tower
14:21 Guard Tower
14:24 Guard Tower
14:29 Guard Tower
14:36 Guard Tower
14:40 Farm
14:41 Farm
14:44 Guard Tower
14:45 Guard Tower
15:38 Scout Tower
15:39 Scout Tower
15:40 Scout Tower
15:42 Scout Tower
15:44 Scout Tower
15:45 Scout Tower
16:07 Guard Tower
16:07 Guard Tower
16:08 Guard Tower
16:13 Scout Tower
16:14 Scout Tower
16:34 Scout Tower
16:35 Scout Tower
16:38 Guard Tower
16:39 Scout Tower
16:41 Scout Tower
16:49 Scout Tower
17:08 Scout Tower
17:09 Scout Tower
17:10 Scout Tower
17:12 Scout Tower
17:13 Scout Tower
17:13 Scout Tower
17:14 Scout Tower
17:14 Scout Tower
17:46 Guard Tower
17:46 Guard Tower
17:52 Guard Tower
17:55 Guard Tower
17:55 Guard Tower
17:57 Scout Tower
17:58 Scout Tower
18:23 Guard Tower
18:23 Guard Tower
18:24 Scout Tower
18:25 Scout Tower
18:25 Scout Tower
18:34 Guard Tower
18:35 Scout Tower
18:35 Scout Tower
18:36 Scout Tower
18:53 Gryphon Aviary
18:58 Scout Tower
18:59 Scout Tower
19:05 Scout Tower
19:06 Scout Tower
19:06 Scout Tower
19:07 Scout Tower
19:09 Guard Tower
19:11 Scout Tower
19:12 Scout Tower
19:12 Scout Tower
19:14 Guard Tower
19:19 Scout Tower
19:20 Scout Tower
19:21 Scout Tower
19:44 Guard Tower
19:44 Guard Tower
19:46 Scout Tower
19:52 Guard Tower
19:53 Scout Tower
19:53 Scout Tower
19:54 Scout Tower
20:25 Guard Tower
20:26 Guard Tower
20:26 Guard Tower
20:27 Scout Tower
20:39 Guard Tower
20:40 Guard Tower
20:41 Scout Tower
20:41 Scout Tower
20:42 Scout Tower
20:44 Scout Tower
20:54 Scout Tower
20:57 Scout Tower
21:02 Guard Tower
21:05 Scout Tower
21:22 Guard Tower
21:22 Guard Tower
21:23 Scout Tower
21:24 Scout Tower
21:24 Scout Tower
21:25 Scout Tower
21:36 Guard Tower
21:36 Guard Tower
21:46 Scout Tower
21:47 Scout Tower
21:47 Scout Tower
21:54 Guard Tower
22:11 Scout Tower
22:14 Guard Tower
22:15 Guard Tower
22:15 Guard Tower
22:15 Guard Tower
22:38 Guard Tower
22:38 Guard Tower
22:44 Guard Tower
22:44 Guard Tower
22:57 Scout Tower
22:58 Scout Tower
22:58 Scout Tower
22:59 Scout Tower
23:09 Altar of Kings
23:25 Guard Tower
23:25 Guard Tower
23:25 Guard Tower
23:52 Farm
23:52 Farm
23:58 Scout Tower
23:59 Scout Tower
23:59 Scout Tower
24:06 Lumber Mill
25:16 Scout Tower
25:18 Scout Tower
25:19 Scout Tower
25:24 Scout Tower
25:25 Scout Tower
25:26 Scout Tower
25:35 Scout Tower
25:40 Scout Tower
25:42 Scout Tower
25:43 Scout Tower
25:51 Scout Tower
25:52 Scout Tower
25:54 Guard Tower
25:55 Guard Tower
25:55 Guard Tower
25:57 Scout Tower
26:03 Guard Tower
26:03 Guard Tower
26:06 Scout Tower
26:11 Guard Tower
26:11 Guard Tower
26:11 Guard Tower
26:12 Guard Tower
26:13 Guard Tower
26:14 Scout Tower
26:17 Guard Tower
26:17 Guard Tower
26:20 Scout Tower
26:25 Guard Tower
26:25 Guard Tower
26:30 Scout Tower
26:33 Guard Tower
26:33 Guard Tower
26:33 Guard Tower
26:48 Guard Tower
26:48 Guard Tower
26:52 Scout Tower
26:54 Scout Tower
26:56 Scout Tower
27:00 Scout Tower
27:02 Guard Tower
27:03 Scout Tower
27:14 Scout Tower
27:15 Scout Tower
27:16 Scout Tower
27:20 Guard Tower
27:24 Scout Tower
27:25 Scout Tower
27:26 Guard Tower
27:26 Guard Tower
27:27 Guard Tower
27:27 Guard Tower
27:27 Guard Tower
27:31 Scout Tower
27:33 Guard Tower
27:33 Guard Tower
27:37 Scout Tower
27:43 Guard Tower
27:43 Guard Tower
27:43 Guard Tower
27:45 Guard Tower
27:46 Scout Tower
27:56 Farm
27:57 Farm
28:11 Guard Tower
28:11 Guard Tower
28:20 Guard Tower
28:22 Scout Tower
28:23 Scout Tower
28:24 Scout Tower
28:25 Scout Tower
28:42 Scout Tower
28:43 Scout Tower
28:45 Guard Tower
29:15 Scout Tower
29:23 Town Hall
29:24 Guard Tower
29:24 Guard Tower
29:24 Guard Tower
29:25 Guard Tower
29:32 Lumber Mill
29:36 Altar of Kings
29:49 Scout Tower
29:50 Scout Tower
30:15 Scout Tower
30:17 Scout Tower
30:18 Scout Tower
30:19 Scout Tower
30:20 Scout Tower
30:20 Scout Tower
30:39 Town Hall
31:08 Guard Tower
31:09 Guard Tower
31:16 Farm
31:48 Farm
31:50 Farm
31:52 Farm
32:18 Scout Tower
32:19 Scout Tower
32:47 Guard Tower
32:47 Guard Tower
32:47 Guard Tower
32:49 Scout Tower
32:49 Scout Tower
32:59 Scout Tower
33:00 Scout Tower
33:07 Scout Tower
35:27 Town Hall
» items
| Healing Salve | 3 | |
| Orb of Lightning | 2 | |
| Staff of Sanctuary | 2 | |
| Scroll of Regeneration | 1 | |
8 total
POO_LORD_355 (
orange | 96 APM | 3475 actions | 36:10)
6 Blademaster
2 Wind Walk
3 Critical Strike
1 Bladestorm
» actions
| Assign group hotkey | 14 | |
| Basic commands | 29 | |
| Build / train | 81 | |
| ESC pressed | 6 | |
| Enter build submenu | 57 | |
| Enter hero's abilities submenu | 6 | |
| Give item / drop item | 10 | |
| Right click | 2118 | |
| Select / deselect | 316 | |
| Select group hotkey | 698 | |
| Use ability | 140 | |
3475 total
» units
» upgrades
| Liquid Fire | 1 | |
| Ranged Weapons | 4 | |
| Armor | 3 | |
8 total
» buildings
| Altar of Storms | 3 | |
| Orc Burrow | 6 | |
| Voodoo Lounge | 3 | |
| War Mill | 4 | |
| Watch Tower | 31 | |
| Stronghold | 2 | |
| Fortress | 2 | |
| Beastiary | 5 | |
| Great Hall | 2 | |
58 total
» build order
00:06 Altar of Storms
00:15 Orc Burrow
00:22 Voodoo Lounge
01:06 War Mill
02:25 Watch Tower
02:41 Watch Tower
02:45 Watch Tower
03:06 Watch Tower
04:05 Watch Tower
04:46 Watch Tower
04:59 Watch Tower
05:14 Orc Burrow
05:45 Watch Tower
06:07 Watch Tower
06:24 Watch Tower
06:43 Watch Tower
07:11 Stronghold
08:01 Watch Tower
08:02 Watch Tower
08:03 Watch Tower
08:21 Watch Tower
08:21 Watch Tower
08:58 Watch Tower
08:58 Watch Tower
08:59 Watch Tower
09:08 Voodoo Lounge
09:12 Voodoo Lounge
09:42 Fortress
10:06 Beastiary
10:34 Watch Tower
10:35 Watch Tower
10:44 Orc Burrow
10:56 Watch Tower
11:43 Orc Burrow
11:53 Beastiary
11:57 Watch Tower
11:58 Watch Tower
12:54 Watch Tower
12:55 Watch Tower
15:07 Watch Tower
17:19 Beastiary
18:26 Watch Tower
19:11 Great Hall
20:10 Watch Tower
22:56 Stronghold
22:58 Altar of Storms
24:05 War Mill
24:08 Altar of Storms
26:03 Fortress
26:11 Orc Burrow
26:12 Orc Burrow
26:17 Beastiary
27:44 Great Hall
29:55 Watch Tower
29:55 Watch Tower
31:09 War Mill
33:00 Beastiary
33:15 War Mill
» items
| Healing Salve | 2 | |
| Lesser Clarity Potion | 6 | |
| Scroll of Speed | 2 | |
| Orb of Lightning | 2 | |
| Kelen's Dagger of Escape | 1 | |
| Claws of Attack +15 | 3 | |
16 total
Chat log
(27:32 / All) iggy_the_fisk: hey what's up?
(36:02 / All) POO_LORD_355: sheesh purple
(36:09 / All) mata.: god gejm